 Dungeon Crawl Stone Soup version 0.26.1-15-g04117e645d (webtiles) character file.

Game seed: 10606750429724221808

1646 Froggeryz the Slicer (level 8, -2/52 HPs)
             Began as an Octopode Berserker on Mar 5, 2022.
             Was an Elder of Trog.
             Shot with a bolt by a kobold (5 damage)
             ... on level 6 of the Dungeon.
             The game lasted 00:09:34 (6615 turns).

Froggeryz the Slicer (Octopode Berserker)           Turns: 6615, Time: 00:09:34

Health: -2/52      AC:  1    Str: 16    XL:     8   Next: 99%
Magic:  8/8        EV: 14    Int: 10    God:    Trog [****..]
Gold:   191        SH:  0    Dex: 13    Spells: 7/7 levels left

rFire    . . .     SeeInvis .   f - +0 short sword (drain)
rCold    . . .     Faith    .   (no shield)
rNeg     . . .     Spirit   .   p - +0 hat
rPois    .         Reflect  .   (no amulet)
rElec    .         Harm     .   (no ring)
rCorr    .         Rampage  .   (no ring)
Will     .....                  (no ring)
Stlth    +++++.....             (no ring)
HPRegen  0.17/turn              (no ring)
MPRegen  0.11/turn              (no ring)
                                (no ring)
                                (no ring)

@: about to teleport, berserk cooldown
A: almost no armour, stealthy swim, amphibious, 8 rings, constrict 8, camouflage
1, gelatinous body 1
a: Renounce Religion, Berserk, Trog's Hand, Brothers in Arms


You were on level 6 of the Dungeon.
You worshipped Trog.
Trog was greatly pleased with you.
You visited 1 branch of the dungeon, and saw 7 of its levels.

You collected 345 gold pieces.
You spent 154 gold pieces at shops.

Inventory:

Hand Weapons
 f - a +0 short sword of draining (weapon)
Missiles
 e - 5 javelins
 k - 53 poisoned darts
 l - 3 boomerangs
 v - 7 curare-tipped darts
Armour
 p - a +0 hat (worn)
 C - a +0 buckler
Jewellery
 s - an uncursed amulet of regeneration {unknown}
 D - a +6 ring of intelligence {unknown}
Wands
 m - a wand of paralysis (7)
Scrolls
 a - 2 scrolls of amnesia {unknown}
 b - 7 scrolls of identify
 c - a scroll of random uselessness {unknown}
 d - 2 scrolls of magic mapping
 g - a scroll of teleportation
 h - a scroll of fog {unknown}
 n - 4 scrolls of remove curse
 q - a scroll of fear {unknown}
 r - a scroll of blinking
 x - 2 scrolls of enchant armour {unknown}
 y - a scroll of immolation {unknown}
Potions
 i - a potion of resistance {unknown}
 j - a potion of flight {unknown}
 o - 4 potions of heal wounds
 t - a potion of magic {unknown}
 u - a potion of lignification {unknown}
 w - a potion of haste {unknown}
 z - a potion of might {unknown}
 A - a potion of mutation {unknown}
 B - 2 potions of curing {unknown}


   Skills:
 - Level 3.0 Fighting
 * Level 9.5 Short Blades
 - Level 3.0 Dodging
 - Level 8.7 Stealth
 + Level 1.1 Shields


You had 7 spell levels left.
You didn't know any spells.
Your spell library was empty.

Dungeon Overview and Level Annotations

Branches:
Dungeon (7/15)
 Temple: D:4-7

Altars:
Wu Jian
Zin

Shops:
D:4 !   D:5 :


Innate Abilities, Weirdness & Mutations

You cannot wear most types of armour.
You are very stealthy in the water. (Stealth+)
You are amphibious.
You can wear up to eight rings at the same time.
You can use your tentacles to constrict eight enemies at once.
Your skin changes colour to match your surroundings (Stealth+).
Your rubbery body absorbs attacks. (AC +1, EV +1)


Message History

You feel aware of your surroundings.
It was a scroll of magic mapping.
As you read the scroll labelled ACSOEN VEBB, it crumbles to dust.
You feel blessed for a moment.
It was a scroll of remove curse.
The kobold barely misses you. The gnoll sergeant misses you.
As you read the scroll labelled LEORGH POIGH, it crumbles to dust.
It is a scroll of identify.
r - 2 scrolls of blinking The gnoll sergeant hits you from afar with a +0 trident!
* * * LOW HITPOINT WARNING * * *
The big kobold hits you.
* * * LOW HITPOINT WARNING * * *
Blink to where?
Press: ? - help, Dir - move target
As you read the scroll of blinking, it crumbles to dust.
As you read the scroll labelled NUOMACU CEMETT, it crumbles to dust.
You feel strangely unstable.
It was a scroll of teleportation.
You feel yourself speed up.
The kobold wields a +0 hand crossbow.
The kobold shoots a bolt.
The bolt hits you.
You die...

**,,**,,***,*,*,,.PP♣PP.....P♣P..
*,**************,.P♣♣♣♣....♣PPP♣P
,,***,,,,,,,*****##***##'''#PPPPP
,,,**,,,,,,,*,,,,,,,,,,#)).#P♣♣♣P
,,***,,,,,,,*,,,,,,,,,,#.>.###*#♣
,,,**,,,,,,,*,,,,,,,,,,#...#.,,*♣
,*,**,,,,,,,*,,,,,,,,,,#...#..,#♣
,,,**,,,,,,,####++########'#.$.#P
,,,,*,,,,,,,+...@..)))K..K.K...#.
,,,,*,,,,,,,+.....[.)..K..g'..$#.
************#####################


You could see a big kobold and a kobold.

Vanquished Creatures
  2 sky beasts
  A phantom (D:5)
  An ogre (D:5)
  3 centaurs
  2 bullfrogs (D:6)
  2 gnoll sergeants (D:6)
  A wyvern skeleton (D:6)
  A howler monkey (D:5)
  A quasit (D:6)
  2 hounds (D:4)
  A bullfrog zombie (D:7)
  2 orc priests
  Crazy Yiuf (D:4)
  2 orc wizards
  A centaur skeleton (D:5)
  3 worker ants
  A hound skeleton (D:4)
  A gnoll (D:6)
  11 adders
  2 shadow imps
  2 white imps (D:6)
  3 ufetubi
  3 oozes
  6 worms
  6 dart slugs
  6 leopard geckos
  17 orcs
  3 ball pythons
  3 giant cockroaches
  13 goblins
  14 hobgoblins
  10 jackals
  6 quokkas
  8 bats
  6 frilled lizards
  A jackal skeleton (D:6)
  A jackal zombie (D:5)
  12 kobolds
  A leopard gecko skeleton (D:5)
  8 rats
170 creatures vanquished.

Vanquished Creatures (others)
  A plant (D:6)
1 creature vanquished.

Grand Total: 171 creatures vanquished

Notes
Turn   | Place    | Note
-------+----------+-------------------------------------------
     0 | D:1      | Froggeryz the Octopode Berserker began the quest for the
                  | Orb.
     0 | D:1      | Reached XP level 1. HP: 16/16 MP: 1/1
    70 | D:1      | Reached skill level 1 in Stealth
    94 | D:1      | Reached XP level 2. HP: 21/21 MP: 2/2
   547 | D:1      | Reached XP level 3. HP: 26/26 MP: 3/3
   683 | D:2      | Reached skill level 4 in Short Blades
   734 | D:2      | Reached ** piety under Trog
  1027 | D:2      | Reached XP level 4. HP: 26/31 MP: 4/4
  1608 | D:3      | You fall into a shaft and drop 3 floors!
  1609 | D:6      | Noticed a bullfrog
  1615 | D:6      | Killed a bullfrog
  1616 | D:6      | Reached skill level 5 in Short Blades
  1616 | D:6      | Reached XP level 5. HP: 36/36 MP: 5/5
  1876 | D:6      | Noticed a sky beast
  1892 | D:6      | Killed a sky beast
  1893 | D:6      | Reached XP level 6. HP: 26/42 MP: 6/6
  2077 | D:6      | Reached skill level 6 in Short Blades
  2124 | D:5      | Entered Level 5 of the Dungeon
  2139 | D:5      | Reached skill level 5 in Stealth
  2260 | D:4      | You fall into a shaft and drop 3 floors!
  2267 | D:7      | Reached *** piety under Trog
  2350 | D:7      | Reached XP level 7. HP: 39/46 MP: 7/7
  2826 | D:4      | Reached skill level 7 in Short Blades
  3410 | D:3      | Reached **** piety under Trog
  4366 | D:4      | Found Qefuoga's Distillery.
  4372 | D:4      | Bought 2 potions of heal wounds for 140 gold pieces
  4372 | D:4      | Bought a potion of degeneration for 14 gold pieces
  4395 | D:4      | Reached XP level 8. HP: 27/52 MP: 8/8
  4563 | D:4      | Found a runed translucent door.
  4564 | D:4      | Noticed Crazy Yiuf
  4575 | D:4      | Killed Crazy Yiuf
  4739 | D:5      | Reached skill level 8 in Short Blades
  4899 | D:5      | Found Jocroz's Book Shoppe.
  5579 | D:5      | Reached skill level 9 in Short Blades
  5675 | D:5      | Found an ornate altar of the Wu Jian Council.
  6110 | D:6      | Found a glowing silver altar of Zin.
  6591 | D:6      | Reached skill level 1 in Shields
  6612 | D:6      | HP: 2/52 [big kobold (5)]
  6615 | D:6      | Shot with a bolt by a kobold

Illustrated notes

Levels and vault maps discovered:
D:1:      dpeg_arrival_tiny_j, layout_loops_cross, hangedman_feature_mirror
D:2:      layout_basic
D:3:      minmay_diamond_boxcup, layout_basic
D:4:      layout_loops_ring, serial_shops, shop, uniq_crazy_yiuf_cottage
D:5:      layout_layer_cave, nzn_wu_jian_council_hall, serial_shops,
          nicolae_shop_temple_entry_statues_fountains
D:6:      kennysheep_housing_project, layout_basic, zin_treasury
D:7:      layout_loops_corners, cheibriados_altar_1, grunt_dithmenos_smoke,
          bloody_trog, minmay_temple_entry_statues_pillars, serial_shops, shop,
          kennysheep_mini_moat, shop, nicolae_shop_statue_plus, shop,
          lemuel_flame_loot_1, uniq_maggie

Skill      XL: |  1  2  3  4  5  6  7  8 |
---------------+-------------------------+-----
Stealth        | 1 2 3 4 5 7 8 |  8.7
Short Blades   | 4 5 6 7 9 |  9.5
Shields        | 1 |  1.1
Fighting       | |  3.0
Dodging        | |  3.0

Action                   |  1- 3 |  4- 6 |  7- 9 || total
-------------------------+-------+-------+-------++-------
Melee: Short sword       |    64 |    86 |   204 ||   354
       Constrict         |    12 |    22 |    42 ||    76
       Tentacles         |     8 |    15 |    40 ||    63
Invok: Berserk           |       |     2 |     3 ||     5
  Use: Scroll            |       |       |     5 ||     5
 Stab: Sleeping          |     8 |     6 |    24 ||    38
Armor: Skin              |     4 |     7 |    13 ||    24
Dodge: Dodged            |    43 |    62 |    97 ||   202
